 Dungeon Crawl Stone Soup version 0.17-a0-1447-g3d113ad (webtiles) character file.

9142 Chiseanne the Fighter (level 11, -2/123 HPs)
             Began as an Ogre Hunter on June 29, 2015.
             Was an Elder of Okawaru.
             Slain by an eight-headed hydra (6 damage)
             ... on level 11 of the Dungeon.
             The game lasted 00:55:45 (18647 turns).

Chiseanne the Fighter (Ogre Hunter)                Turns: 18647, Time: 00:55:45

Health: -2/123     AC: 11    Str: 19    XL:     11   Next: 41%
Magic:  9/11       EV: 17    Int: 10    God:    Okawaru [****..]
Gold:   703        SH:  0    Dex: 13    Spells: 2 memorised, 8 levels left

rFire  + . .     SeeInvis .     d - +2 flail (protect)
rCold  + . .     Clarity  .     p - +2 robe {rF+}
rNeg   . . .     SustAt   .     (no shield)
rPois  .         Gourm    .     (helmet restricted)
rElec  .         Spirit   .     m - +0 cloak
rCorr  .         Warding  .     (gloves unavailable)
rMut   .         Stasis   .     (boots unavailable)
MR     +....                    h - amulet of rage
Stlth  ++........               O - ring of wizardry
                                b - ring of protection from cold

@: heroism, drained, somewhat resistant to hostile enchantments, unstealthy
A: unfitting armour, tough skin 1
a: Heroism, Renounce Religion, Evoke Berserk Rage


You were on level 11 of the Dungeon.
You worshipped Okawaru.
Okawaru was greatly pleased with you.
You were not hungry.

You visited 2 branches of the dungeon, and saw 12 of its levels.

You collected 703 gold pieces.

Inventory:

Hand weapons
 a - a +5 whip of venom
 d - a +2 flail of protection (weapon)
 i - a +0 scimitar of flaming
 s - a +0 falchion of holy wrath
 w - a +0 blowgun
 y - a cursed -2 giant spiked club
 D - a +1 club
 M - a +0 morningstar
Missiles
 g - 22 arrows of flame
 k - 128 arrows
 r - 45 sling bullets
 t - 28 bolts of frost
 v - 14 arrows of dispersal
 x - 86 bolts
 A - 5 large rocks (quivered)
 B - 25 poisoned needles
 H - 13 steel bolts
 N - a throwing net
 U - 2 javelins
 V - a steel tomahawk
 X - 8 needles of sleeping
Armour
 m - a +0 cloak (worn)
 p - a +2 robe of fire resistance (worn)
 K - a +2 robe of the Archmagi
 L - a +0 robe of fire resistance
Jewellery
 b - a ring of protection from cold (left hand)
 h - an amulet of rage (around neck)
 O - a ring of wizardry (right hand)
Magical devices
 z - a wand of fire (7)
 R - a wand of draining (8)
Scrolls
 l - 5 scrolls of fog
 I - a scroll of amnesia
 J - a scroll of immolation
 S - a scroll of teleportation
Potions
 c - a potion of cancellation
 j - a potion of ambrosia {unknown}
 n - a potion of invisibility {unknown}
 o - a potion of flight {unknown}
 q - a potion of might {unknown}
 u - a potion of brilliance {unknown}
 E - a potion of lignification {unknown}
 G - a potion of curing
 Q - 4 potions of haste {unknown}
Books
 F - a book of the Earth

   Spells                             Type                      Level
   a - Leda's Liquefaction            Hexes/Earth                  4
   b - Bolt of Magma                  Conjuration/Fire/Earth       5
   c - Statue Form                    Transmutation/Earth          6
   d - Iron Shot                      Conjuration/Earth            6
   e - Shatter                        Earth                        9
 T - a Grand Grimoire

   Spells                             Type                      Level
   a - Monstrous Menagerie            Summoning                    6
   b - Summon Greater Demon           Summoning                    7
   c - Malign Gateway                 Summoning/Translocation      7
   d - Summon Horrible Things         Summoning                    8
 W - a book of Party Tricks

   Spells                             Type                      Level
   a - Summon Butterflies             Summoning                    1
   b - Apportation                    Translocation                1
   c - Tukima's Dance                 Hexes                        3
   d - Alistair's Intoxication        Transmutation/Poison         4
   e - Invisibility                   Hexes                        6
Comestibles
 e - 5 bread rations
 f - 4 meat rations
 P - 5 beef jerkies


   Skills:
 - Level 12.0(17.0) Fighting
 * Level 7.0(12.0) Maces & Flails
 + Level 11.3(16.3) Throwing
 + Level 9.4(14.3) Dodging
 - Level 0.7(5.6) Stealth


You had 8 spell levels left.
You knew the following spells:

 Your Spells              Type           Power        Failure   Level  Hunger
a - Apportation           Tloc           #.........   16%         1    ##.....
b - Summon Butterflies    Summ           #.......     16%         1    ##.....


Dungeon Overview and Level Annotations

Branches:
Dungeon (11/15)            Temple (1/1) D:4            Lair (0/8) D:9
    Orc (0/4) D:9

Altars:
Ashenzari
Cheibriados
Dithmenos
Elyvilon
Fedhas
Gozag
Kikubaaqudgha
Makhleb
Nemelex Xobeh
Okawaru
Qazlal
Ru
Sif Muna
Trog
Vehumet
Xom
Yredelemnul
Zin
The Shining One

Annotations:
D:8 exclusion: 3 doors


Innate Abilities, Weirdness & Mutations

You are too large for most types of armour.
You have tough skin (AC +1).


Message History

You fail to use your ability.
The eight-headed hydra completely misses you.
The eight-headed hydra bites you. x2
* * * LOW HITPOINT WARNING * * *
The eight-headed hydra bites you but does no damage.
The eight-headed hydra bites you.
* * * LOW HITPOINT WARNING * * *
The eight-headed hydra misses you. The eight-headed hydra bites you.
* * * LOW HITPOINT WARNING * * *
The eight-headed hydra bites you.
* * * LOW HITPOINT WARNING * * *
You hit the eight-headed hydra.
The eight-headed hydra is moderately wounded.
The eight-headed hydra barely misses you. x2
The eight-headed hydra bites you!
* * * LOW HITPOINT WARNING * * *
The eight-headed hydra bites you but does no damage. x2
The eight-headed hydra closely misses you.
The eight-headed hydra bites you.
You die...

##. #.##.##...###..... # ..
####.##.###.##....##. #.###.
#.....#.###.##.##....
#...#.###.#####.#...##.....##
#........# #.#.#...#..#)#
#..##.##.# #.#.#.#.#.)#.##
#...#.########...#.#....#.##
#...#.#.....######.....##...
#...#.#.###@# ...########..#
###.........#D# ...# #...
.............#.# ...# ##.#
#####........#.##$..# #...
#..........#......# ####
#.##.#########.#### #. #. #.
#......# #. # .. #......# #.
### ..........# #.


You could see an eight-headed hydra.

Vanquished Creatures
  Erica (D:8)
  An ugly thing (D:8)
  A komodo dragon (D:11)
  A troll (D:10)
  Prince Ribbit (D:8)
  A slime creature (D:8)
  A deep elf fighter (D:9)
  Eustachio (D:4)
  A deep elf mage (D:10)
  A hungry ghost (D:10)
  A yak (D:9)
  6 hippogriffs
  3 sky beasts
  An ice beast (D:5)
  2 orc warriors (D:11)
  5 phantoms
  5 centaurs
  An eye of draining (D:9)
  11 ogres
  A wasp (D:9)
  Blork the orc (D:5)
  3 big kobolds
  3 giant frogs
  A wyvern zombie (D:7)
  5 scorpions
  A water moccasin zombie (D:10)
  4 killer bees (D:9)
  5 wights (D:10)
  2 electric eels (D:9)
  A giant frog zombie (D:11)
  9 crimson imps
  A hound (D:7)
  A centaur zombie (D:6)
  A jelly (D:6)
  A gnoll shaman (D:7)
  3 centaur skeletons
  6 orc priests
  5 orc wizards
  8 worker ants
  8 ogre zombies (D:9)
  2 hound zombies (D:8)
  A worker ant zombie (D:8)
  11 adders
  12 gnolls
  2 river rats (D:9)
  4 shadow imps
  2 oozes
  An adder skeleton (D:4)
  5 worms
  32 orcs
  A bat skeleton (D:6)
  4 giant cockroaches
  17 goblins
  19 hobgoblins
  12 jackals
  3 ball pythons
  37 bats
  7 giant newts
  A goblin skeleton (D:9)
  A goblin zombie (D:9)
  5 hobgoblin zombies
  A jackal skeleton (D:8)
  30 kobolds
  2 orc skeletons (D:9)
  15 orc zombies (D:9)
  7 quokkas
  A quokka skeleton (D:9)
  32 rats
  2 fungi (D:9)
384 creatures vanquished.

Notes
Turn   | Place    | Note
--------------------------------------------------------------
     0 | D:1      | Chiseanne the Ogre Hunter began the quest for the Orb.
     0 | D:1      | Reached XP level 1. HP: 22/22 MP: 1/1
   329 | D:1      | Reached XP level 2. HP: 28/31 MP: 2/2
  1101 | D:2      | Reached XP level 3. HP: 37/37 MP: 3/3
  1407 | D:2      | Reached skill level 5 in Throwing
  1910 | D:3      | Reached XP level 4. HP: 39/48 MP: 4/4
  2818 | D:3      | Found a white marble altar of Elyvilon.
  2818 | D:3      | Found a deep blue altar of Sif Muna.
  2890 | D:3      | Reached XP level 5. HP: 32/55 MP: 5/5
  3096 | D:3      | You fall through a shaft for 3 floors!
  3235 | D:5      | Entered Level 5 of the Dungeon
  3235 | D:5      | Noticed Blork the orc
  3238 | D:5      | Killed Blork the orc
  3241 | D:5      | Noticed a centaur
  3246 | D:5      | Found a blossoming altar of Fedhas.
  3252 | D:5      | Killed a centaur
  3252 | D:5      | Reached skill level 5 in Fighting
  3252 | D:5      | Reached XP level 6. HP: 18/66 MP: 6/6
  3319 | D:5      | Noticed an ogre
  3319 | D:5      | Killed an ogre
  3319 | D:5      | Reached skill level 6 in Throwing
  3429 | D:5      | Found a basalt altar of Yredelemnul.
  3555 | D:4      | Noticed Eustachio
  4093 | D:4      | Killed Eustachio
  4093 | D:4      | Reached XP level 7. HP: 15/75 MP: 7/7
  4645 | D:4      | Found a glowing silver altar of Zin.
  4758 | D:4      | Found a staircase to the Ecumenical Temple.
  4772 | Temple   | Entered the Ecumenical Temple
  5395 | D:4      | Found a sparkling altar of Nemelex Xobeh.
  5901 | D:4      | Reached skill level 5 in Dodging
  6264 | D:4      | Reached XP level 8. HP: 84/84 MP: 8/8
  6365 | D:4      | Reached skill level 7 in Fighting
  6708 | D:5      | Noticed an ice beast
  6733 | D:5      | Killed an ice beast
  7144 | D:5      | Found a shimmering altar of Xom.
  7152 | D:5      | Found a glowing golden altar of the Shining One.
  7157 | D:5      | Found a bloodstained altar of Trog.
  8254 | D:6      | Reached skill level 8 in Fighting
  8417 | D:6      | Noticed an ogre
  8418 | D:6      | Noticed an ogre
  8433 | D:6      | Killed an ogre
  8805 | D:6      | Killed an ogre
  9343 | D:7      | Found a stormy altar of Qazlal.
  9353 | D:7      | Reached XP level 9. HP: 83/97 MP: 9/9
  9681 | D:7      | Reached skill level 9 in Fighting
 10211 | D:7      | Found an iron altar of Okawaru.
 10252 | D:7      | Became a worshipper of Warmaster Okawaru
 10478 | D:7      | Found a sacrificial altar of Ru.
 11312 | D:8      | Noticed Erica
 11335 | D:8      | Killed Erica
 11335 | D:8      | Acquired Okawaru's first power
 11335 | D:8      | Reached skill level 10 in Fighting
 11578 | D:8      | Found a burning altar of Makhleb.
 11578 | D:8      | Noticed a balrug
 11693 | D:8      | Found a shimmering altar of Xom.
 11941 | D:8      | Reached XP level 10. HP: 108/111 MP: 10/10
 11976 | D:8      | Noticed Prince Ribbit
 11999 | D:8      | Killed Prince Ribbit
 12294 | D:8      | HP: 2/111 [slime creature (13)]
 12752 | D:8      | Reached skill level 11 in Fighting
 12752 | D:8      | Reached skill level 10 in Throwing
 13126 | D:8      | Noticed a white ugly thing
 13154 | D:8      | Killed a white ugly thing
 13772 | D:9      | Found an opulent altar of Gozag.
 13906 | D:9      | Found a staircase to the Orcish Mines.
 14204 | D:8      | HP: 2/115 [wight/falchion of protection (10)]
 14753 | D:9      | Found a staircase to the Lair.
 15059 | D:9      | Reached skill level 12 in Fighting
 15293 | D:9      | Reached skill level 1 in Maces & Flails
 15686 | D:9      | Reached XP level 11. HP: 123/123 MP: 11/11
 16317 | D:9      | Found a deep blue altar of Sif Muna.
 16514 | D:10     | Entered Level 10 of the Dungeon
 16698 | D:10     | Reached skill level 5 in Maces & Flails
 16966 | D:10     | Received a gift from Okawaru
 17460 | D:10     | Learned a level 1 spell: Apportation
 17462 | D:10     | Learned a level 1 spell: Summon Butterflies
 18629 | D:11     | Noticed an eight-headed hydra
 18647 | D:11     | HP: 4/123 [eight-headed hydra (16)]
 18647 | D:11     | Slain by an eight-headed hydra

Vault maps used:
D:1:      eino_arrival_cavern_a
D:2:      first_bread, minmay_misc_feat_ornament, grunt_ministairs_5,
          nrook_mini_backslash
D:3:      gammafunk_temple_overflow_elements
D:4:      nemelex_xobeh_ov_fountains_minmay, kennysheep_little_box,
          minmay_temple_entry_purple_smoke, kennysheep_small_circle,
          uniq_eustachio
D:5:      fedhas_bush_and_centaur_altar, kennysheep_mini,
          minmay_overflow_temple_star_quad, uniq_blork_the_orc
D:7:      lemuel_doored_altar, basic_altar, hangedman_decor_diamond_cutter,
          nicolae_ru_path_of_blood
D:8:      makhleb_altar_promises_db, grunt_ogre_cave, tgw_xom,
          uniq_prince_ribbit1, uniq_erica
D:9:      lemuel_crystal_altar, grunt_lair_entry_elf_guard_hut,
          zombieorc2_lemuel, serial_bayou_pond_b, led_sif_book
Temple:   nicolae_temple_great_sept

Action                   |  1- 3 |  4- 6 |  7- 9 | 10-12 || total
-------------------------+-------+-------+-------+-------++-------
Melee: Hand axe          |   103 |   233 |   286 |       ||   622
       Club              |     9 |     1 |       |       ||    10
       Falchion          |       |       |    70 |   215 ||   285
       Dagger            |       |       |     6 |       ||     6
       Whip              |       |       |    85 |   345 ||   430
       Spear             |       |       |       |     2 ||     2
       Flail             |       |       |       |     2 ||     2
 Fire: Blowgun           |       |       |    64 |    74 ||   138
Throw: Large rock        |     2 |    29 |    40 |    29 ||   100
       Throwing net      |       |     4 |     3 |     1 ||     8
       Tomahawk          |       |       |    10 |     7 ||    17
       Javelin           |       |       |     4 |    15 ||    19
Invok: Heroism           |       |       |       |     2 ||     2
Evoke: Wand              |       |       |       |     1 ||     1
  Use: Scroll            |     6 |     4 |    12 |     4 ||    26
       Potion            |       |     2 |     6 |     2 ||    10
 Stab: Sleeping          |     1 |     2 |     2 |     2 ||     7
       Distracted        |       |       |       |     2 ||     2
  Eat: Chunk             |     3 |     6 |    17 |    22 ||    48
       Fruit             |       |     5 |       |       ||     5
       Beef jerky        |       |     1 |       |     1 ||     2
       Bread ration      |       |       |     1 |       ||     1
       Pizza             |       |       |     1 |       ||     1
